[Event "SixDays Budapest January IM-A 2025"]
[Site "Budapest"]
[Date "2025.01.26"]
[Round "1.1"]
[White "Varga, Zoltan"]
[Black "Karacsonyi, Kata"]
[Result "1-0"]
[Annotator "TA"]
[ECO "B54"]
[WhiteElo "2304"]
[BlackElo "2183"]
[PlyCount "93"]
[EventDate "2025.01.24"]
[EventType "tourn"]
[EventCountry "HUN"]
[SourceTitle "playchess.com"]
[Source "ChessBase"]
[SourceQuality "1"]
[TimeControl "5400+30"]

1. e4 c5 2. Nf3 d6 3. d4 cxd4 4. Nxd4 Nf6 5. f3 e5 6. Nb3 d5 7. exd5 {[%emt 0:01:27] B55: Sicilian: 2...d6 3 d4 cxd4 4 Nxd4 Nf6 5 f3.} (7. Bg5 $1 $14) 7... Nxd5 $11 {[%emt 0:09:33] now scores much better than the old 7...Qxd5.} 8. Bd2 Nc6 9. Bb5 {[%emt 0:03:27] Black has an edge.} Qb6 $146 (9... Be7 10. Nc3 O-O 11. Qe2 Nd4 12. Nxd4 exd4 13. Nxd5 Qxd5 14. O-O Bf5 15. Bd3 Bf6 16. Rfe1 h5 17. a3 Rac8 18. Rad1 Rc6 19. Bf4 {½-½ Bokros,A (2409)-Mesic,I (2276) SRB-chT2 Vojvodina 2024 (6.1)}) 10. Qe2 Be7 11. Nc3 Nxc3 12. Bxc3 {[%emt 0:00:31][%cal Oc3a5] [#]} O-O 13. O-O-O $1 f6 14. f4 Kh8 15. Bxc6 {[%emt 0:02:57] White now steadily converts the win.} (15. Kb1 $5) 15... bxc6 ({Black should play} 15... Qxc6 $14 16. fxe5 fxe5) 16. fxe5 $16 Ba6 17. Qe4 fxe5 18. Qxe5 {[%emt 0:07:11][%csl Gc3][%cal Re5g7] [#]} Bf6 19. Qc5 Qxc5 20. Nxc5 Bxc3 21. Nxa6 ({Don't do} 21. bxc3 Bc4 $14) 21... Be5 22. g3 Rf2 23. Nc5 Rg2 24. b3 Rf8 (24... Bc3 $16 25. Rd7 Re8) 25. Rd2 Bb2+ 26. Kd1 $1 Rxd2+ 27. Kxd2 {[%emt 0:00:04][%mdl 4096] Endgame KRB-KRN. White is a pawn up.} Rf2+ 28. Kd1 {[%emt 0:00:55] Black must now prevent Nd3.} Bd4 29. Nd3 Rg2 30. Re1 h6 (30... Kg8 $16) 31. Re2 $18 Rg1+ 32. Kd2 Ra1 (32... Rf1 $142 33. c3 Bg1) 33. a4 Kh7 34. Nb4 c5 35. Nc6 Bf6 (35... Bg1 {was called for.} 36. Kc3 (36. Nxa7 c4 $18) 36... a6) 36. Kd3 Rd1+ 37. Kc4 Rd7 38. Kxc5 h5 39. b4 h4 40. gxh4 Bxh4 41. b5 Rf7 42. c4 Bf2+ 43. Kb4 g5 44. a5 g4 45. Ne5 Re7 46. Rxf2 Rxe5 47. Rf4 {[%emt 0:00:33] Weighted Error Value: White=0.15 (very precise) /Black=0.40  Mistake:       	---       	Black=5      Inaccurate:     	---       	Black=3      OK:         	White=18    	Black=13     Best:        	White=3     	Black=1      Strong:       	White=2     	---} 1-0

[Event "SixDays Budapest January IM-A 2025"]
[Site "Budapest"]
[Date "2025.01.26"]
[Round "1.2"]
[White "Kustar, Sandor"]
[Black "Golubovskis, Maksims"]
[Result "1/2-1/2"]
[Annotator "TA"]
[ECO "D37"]
[WhiteElo "2240"]
[BlackElo "2237"]
[PlyCount "159"]
[EventDate "2025.01.24"]
[EventType "tourn"]
[EventCountry "HUN"]
[SourceTitle "playchess.com"]
[Source "ChessBase"]
[SourceQuality "1"]
[TimeControl "5400+30"]

1. Nf3 Nf6 2. c4 e6 3. d4 d5 4. Nc3 dxc4 5. e3 a6 6. a4 b6 7. Bxc4 Bb7 8. O-O Bb4 9. Qe2 Nbd7 10. Na2 Bd6 11. Nc3 c5 12. Rd1 Qc7 {[%emt 0:03:31] D45: Semi-Slav: 5 e3.} 13. b3 O-O 14. h3 Rfe8 $146 (14... cxd4 15. exd4 Rfe8 16. Be3 Bc6 17. d5 exd5 18. Nxd5 Bxd5 19. Bxd5 Nxd5 20. Rxd5 Bc5 {½-½ Nazaretyan,T (2316)-Petrov,N (2562) Malaya Zemlya Rapid op 2021 (4)}) 15. d5 Ne5 16. Nxe5 Bxe5 17. Bb2 (17. dxe6 $5 Rxe6 18. Bb2 $14 (18. Bxe6 $2 Bxc3 19. Bb2 Bxb2 $19)) 17... Kh8 (17... Nxd5 $11 18. Nxd5 exd5 19. Bxd5 Bxb2 20. Qxb2 Rad8 21. Bxb7 Qxb7) 18. dxe6 $14 fxe6 19. f4 Bd6 20. Rd2 Nd5 $2 21. Rad1 (21. Nxd5 exd5 22. Bxd5 Bxf4 23. Bxb7 Qxb7 $11) (21. Ne4 $142) 21... Nxe3 $18 22. Rxd6 (22. Qxe3 Bxf4 23. Qf2 Rf8 $16) 22... Nxd1 23. Rxd1 Qxf4 24. Rd7 (24. Bxe6 $2 Qh6 25. Rd6 Re7 $19) (24. Bc1 $18 Qh4 25. Bb2 (25. Bxe6 $2 Rad8 $19)) 24... Bc6 $16 25. Rd3 {[%emt 0:03:44][%cal Bd7d3,Bd3e3,Be3e4][%mdl 1056] White has strong compensation.} Rad8 26. Re3 $1 (26. Bxe6 $2 Rxd3 27. Qxd3 Rxe6 $19) 26... b5 27. axb5 axb5 {[%emt 0:00:02] [#]} 28. Bd3 (28. Bxb5 Bxb5 29. Nxb5 Rd1+ 30. Qxd1 Qxe3+ 31. Kh1 Rf8 $14) (28. Bxe6 $2 b4 $19) (28. Nxb5 Rd1+ 29. Qxd1 Qxe3+ 30. Kh2 Qf2 $11) 28... e5 {[%emt 0:07:26][%cal Oe5e4] [#]} 29. Be4 (29. Nxb5 $6 Rxd3 30. Qxd3 Bxb5 $11) ({Better is} 29. Ne4 $1 $16) 29... Bxe4 $11 30. Rxe4 (30. Nxe4 Rd1+ 31. Qxd1 Qxe3+ 32. Nf2 Rf8 $19) 30... Rd2 31. Qe1 {[%emt 0:00:45] Dancing on a razor blade.} Qg5 32. Rg4 {[%emt 0:00:14] Successful Defense White} Qd8 33. Bc1 Rd4 {[%emt 0:01:05] ...b4 is the strong threat.} 34. Be3 $1 (34. Nxb5 $2 Rd1 35. Re4 Rxe1+ $19) 34... Rxg4 35. hxg4 c4 36. bxc4 bxc4 37. Qe2 Qc7 38. Bf2 {[%emt 0:01:57] [#]} e4 $1 39. Qe3 (39. Bd4 {keeps more tension.} e3 40. Qf3 Kg8 41. Ne2) 39... Qc6 40. Qd4 Qe6 41. Be3 Re7 42. g5 {[%emt 0:01:48] The position is equal.} Rd7 43. Qc5 {[%emt 0:00:17] Intending Qc8+ and mate.} Kg8 44. Ne2 Rd5 45. Qc7 Rd1+ 46. Kf2 Qf7+ 47. Qxf7+ Kxf7 48. Nc3 Rd3 49. Nxe4 Kg6 50. g4 Kf7 51. Ke2 Rd8 52. Bd2 Ke6 53. Bc3 Kd5 54. Nd2 Re8+ 55. Kf3 Re7 56. Kf2 Rf7+ 57. Ke3 Re7+ 58. Kf2 Ra7 59. Ke3 Ra3 60. Ne4 Rb3 61. Kf4 Rb1 62. Kf3 (62. Bxg7 $2 {perishes.} Rf1+ 63. Ke3 Re1+ 64. Kd2 Rxe4 $19) 62... Rf1+ 63. Ke2 Rf7 64. Nf2 Re7+ 65. Kd2 Kc5 66. Nd1 Rd7+ 67. Ke2 Rd5 68. Bd2 Re5+ 69. Kf3 Rd5 70. Ke2 $1 Kd4 71. Be3+ Ke5 72. Bd2 (72. Nb2 $5) 72... Rb5 73. Ke3 Rb1 74. Bc3+ Kd5 75. Nf2 g6 76. Ne4 Rb3 77. Nf6+ Kc5 78. Ne4+ Kd5 79. Nf6+ Kc5 80. Ne4+ {[%emt 0:00:05] Black defended with fortune.   Weighted Error Value: White=0.11 (very precise) /Black=0.13 (very precise)   Loses game:     	---       	Black=1      Mistake:       	White=3     	Black=1      Inaccurate:     	White=2     	---        OK:         	White=40    	Black=21     Best:        	---       	Black=6      Strong:       	White=3     	---} 1/2-1/2

[Event "SixDays Budapest January IM-A 2025"]
[Site "Budapest"]
[Date "2025.01.26"]
[Round "1.3"]
[White "Fodor, Balazs"]
[Black "Mauron, Pierre"]
[Result "1-0"]
[Annotator "TA"]
[ECO "D30"]
[WhiteElo "2214"]
[BlackElo "2016"]
[PlyCount "99"]
[EventDate "2025.01.24"]
[EventType "tourn"]
[EventCountry "HUN"]
[SourceTitle "playchess.com"]
[Source "ChessBase"]
[SourceQuality "1"]
[TimeControl "5400+30"]

1. d4 d5 2. c4 e6 3. Nf3 Nf6 4. g3 Bb4+ 5. Bd2 a5 6. Qc2 O-O 7. Bg2 Be7 8. O-O Nbd7 9. Bf4 Nh5 {[%emt 0:01:59] The position is equal.} 10. Bc1 Nhf6 11. Nbd2 c5 12. cxd5 exd5 13. Rd1 Qb6 (13... b6 $11) 14. e3 Re8 15. b3 cxd4 16. Nxd4 Ne5 17. N2f3 Nxf3+ 18. Bxf3 Bh3 19. Bb2 Rac8 20. Qd3 Bc5 21. Rac1 Ne4 22. Qe2 Qg6 23. Bg2 Bd7 24. Re1 h5 25. Nf3 Bd6 {[%emt 0:05:56] Dodges Ne5} 26. Qd3 Bc6 27. Red1 Bb8 {[%emt 0:01:10] [#]} ({Black should try} 27... a4 $14) 28. Bh3 $1 $16 {[%emt 0:04:17][%cal Of3h4] Hoping for Nh4!} Rcd8 (28... Rc7 $16) 29. Nh4 $18 Qg5 30. f4 $36 {[%emt 0:01:18][%mdl 2048] Black is under strong pressure.} Qh6 31. Nf5 $1 Qe6 32. Qd4 {[%emt 0:00:09] White is more active.} (32. Nxg7 $2 Qxh3 33. Nxe8 Rxe8 $19) (32. Bxg7 $142 {Bd4 would now be deadly.} Ba7 33. Qe2 (33. Nh6+ Kxg7 34. Bxe6 fxe6 $15)) 32... Qg6 (32... Qf6 $16) 33. Qxg7+ Qxg7 34. Nxg7 (34. Bxg7 f6 35. Kg2 Kf7 $19) 34... Ba7 {[%emt 0:01:11] [#]} 35. Nf5 (35. Re1 $1 $18 {and White stays clearly on top.}) 35... f6 (35... Bd7 $16 {might work better.} 36. Kg2 (36. Rxd5 $2 Bxf5 37. Rxf5 Bxe3+ 38. Kg2 Rd2+ 39. Kf3 Rxb2 $19) 36... Bxf5 37. Bxf5 Nd6) 36. Nd4 (36. Bd4 $18 Bxd4 37. Rxd4 (37. Nxd4 Bd7 $18)) 36... Bd7 $16 37. Bxd7 Rxd7 38. Kg2 Kf7 39. Kf3 Bxd4 40. Bxd4 Re6 41. a4 (41. Rc2 $142) 41... f5 (41... Rc6 $142) 42. Rc8 (42. Rc2 $142) 42... Nf6 $2 (42... Rc6 $16 43. Rc1 (43. Rh8 $2 Rc2 $19) 43... Nd2+ 44. Kg2 Rxc1 45. Rxc1 Nxb3) 43. Bxf6 $18 Kxf6 {[%emt 0:00:24][%mdl 4096] Endgame. KRR-KRR} 44. Rc5 b6 (44... Rb6 $142 45. Rd3 (45. Rdxd5 Rxd5 46. Rxd5 Rxb3 $18) (45. Rxa5 Ke6 $18) 45... Rbd6 46. Rxa5 h4) 45. Rcxd5 Rxd5 (45... Rc7 46. h4 Rc3) 46. Rxd5 {[%emt 0:00:08] White is clearly winning.} Rc6 47. Rb5 Ke6 48. h3 Kf6 49. g4 hxg4+ 50. hxg4 {[%emt 0:00:03] Weighted Error Value: White=0.18 (very precise) /Black=0.41.  Loses game:     	---       	Black=1      Mistake:       	White=5     	Black=8      Inaccurate:     	White=2     	Black=2      OK:         	White=14    	Black=12     Best:        	White=2     	Black=1      Strong:       	White=1     	---} 1-0

[Event "SixDays Budapest January IM-A 2025"]
[Site "Budapest"]
[Date "2025.01.26"]
[Round "1.4"]
[White "Pribelszky, Bence Daniel"]
[Black "Kiremitciyan, Ari"]
[Result "1/2-1/2"]
[Annotator "TA"]
[ECO "B10"]
[WhiteElo "2391"]
[BlackElo "2251"]
[PlyCount "114"]
[EventDate "2025.01.24"]
[EventType "tourn"]
[EventCountry "HUN"]
[SourceTitle "playchess.com"]
[Source "ChessBase"]
[SourceQuality "1"]
[TimeControl "5400+30"]

1. e4 c6 2. Nf3 d5 3. d3 dxe4 4. dxe4 Qxd1+ 5. Kxd1 Nf6 6. Nbd2 {[%emt 0:00:29] B10: Caro-Kann: 2 d3 and 2 c4.} g6 7. Ne5 Bh6 8. f3 Be6 9. Nb3 Bxc1 10. Kxc1 Nfd7 $146 (10... Bxb3 11. axb3 Nbd7 12. Nc4 Kd8 13. b4 Kc7 14. c3 Ne8 15. Ne3 Nd6 16. Bd3 a6 17. Kc2 e5 18. Rhd1 Rad8 19. Rd2 Rhe8 20. Rad1 Nf8 21. g3 h5 22. h4 {1-0 Gurel,E (2500)-Arat,U (2389) TUR-chT Ankara 2023 (8.5)}) 11. Nxd7 Nxd7 12. Nd4 Nf8 13. Nxe6 Nxe6 14. Bc4 Nc7 15. Rd1 e6 16. Kd2 Rd8+ 17. Ke3 Ke7 18. Rd3 e5 19. g3 Rxd3+ 20. cxd3 $11 {[%emt 0:02:21][%mdl 4096] Endgame KRB-KRN} Ne6 21. f4 f6 22. Rf1 a5 23. h4 b5 24. Bxe6 Kxe6 {[%emt 0:00:02] KR-KR} 25. Rc1 Rc8 26. Rc5 Kd6 27. d4 Re8 {[%emt 0:00:40] [#]} 28. fxe5+ fxe5 {[%emt 0:00:13] The position is equal.} 29. Rc2 exd4+ 30. Kxd4 c5+ 31. Ke3 Rf8 32. Rd2+ Kc6 33. e5 c4 34. Rd6+ Kc5 35. Rd7 Rf1 36. Rxh7 Rb1 37. Rd7 b4 38. e6 {[%emt 0:00:29] [#]} Re1+ (38... Rxb2 $2 39. e7 Rb1 40. Ke2 $18 (40. e8=R $2 Re1+ 41. Kd2 Rxe8 $19) (40. Rc7+ Kd6 $18)) 39. Kd2 Rxe6 40. Ra7 Kb6 41. Rg7 Kc5 42. g4 a4 43. h5 gxh5 44. gxh5 Rd6+ 45. Kc1 Rd5 {[%emt 0:01:29] Prevents Rg5} 46. h6 Rh5 47. h7 {[%emt 0:00:03][%cal Og7g5] aiming for Rg5+!.} Rh1+ 48. Kd2 Rh2+ 49. Ke3 a3 50. bxa3 bxa3 51. Rc7+ Kb4 52. Kd4 Rd2+ 53. Ke5 Rh2 54. Kf6 Kc3 {[%emt 0:01:21][%cal Oc3b2] White must now prevent ...Kb2!.} 55. Kg7 Kb2 56. Rxc4 (56. h8=R Rxh8 57. Kxh8 c3 58. Rb7+ Kxa2 $19) (56. h8=B $2 {loses.} c3 57. Rb7+ Kxa2 $19) 56... Rxh7+ 57. Kxh7 Kxa2 {[%emt 0:00:02] An interesting draw.   Weighted Error Value: White=0.02 (flawless) /Black=0.01 (flawless)   Inaccurate:     	White=1     	---        OK:         	White=20    	Black=24     Best:        	---       	Black=2} 1/2-1/2

[Event "SixDays Budapest January IM-A 2025"]
[Site "Budapest"]
[Date "2025.01.26"]
[Round "1.5"]
[White "Chubakov, Sultan"]
[Black "Papp, Levente"]
[Result "0-1"]
[Annotator "TA"]
[ECO "A10"]
[WhiteElo "2237"]
[BlackElo "2386"]
[PlyCount "74"]
[EventDate "2025.01.24"]
[EventType "tourn"]
[EventCountry "HUN"]
[SourceTitle "playchess.com"]
[Source "ChessBase"]
[SourceQuality "1"]
[TimeControl "5400+30"]

1. c4 b6 2. Nc3 Bb7 3. d4 Nf6 4. Nf3 g6 5. g3 Bg7 6. Bg2 O-O 7. O-O Ne4 8. Qd3 {[%emt 0:07:10] A50: Queen's Fianchetto Defence (1 d4 Nf6 2 c4 b6).} Nxc3 9. bxc3 Nc6 10. e4 {[%emt 0:02:54] Black is slightly better.} Na5 11. Be3 Ba6 12. Nd2 c6 13. e5 d5 14. exd6 exd6 $146 (14... Qxd6 15. Rfe1 Rad8 16. c5 Bxd3 17. cxd6 exd6 18. Nb3 d5 19. Nxa5 bxa5 20. Bf4 Rd7 {0-1 Bobanac,M (2250)-Matkovic,T (2290) CRO-chT3 Zadar 1999 (1)}) 15. d5 $1 c5 16. Rfe1 Qd7 17. Bf4 Rfe8 18. Bf1 Rad8 19. Qc2 f5 20. Re3 Rxe3 21. fxe3 (21. Bxe3 $11 {remains equal.} Re8 22. Rd1) 21... Qe7 22. e4 g5 23. Be3 Rf8 $36 {[%emt 0:01:18][%mdl 2048] Black has strong initiative.} 24. Qd3 fxe4 {[%emt 0:02:20][%csl Oe4] Black has a strong passed pawn} 25. Qc2 Qe5 {[%emt 0:05:11] Black is more active.} 26. Re1 {[%emt 0:02:55] [#]} Rxf1+ $1 27. Nxf1 (27. Rxf1 Nxc4) 27... Bxc4 (27... Qxc3 28. Qxe4 Qe5 (28... Qxe1 $2 29. Qe6+ Kf8 30. Qxd6+ Kg8 31. Qe6+ Kf8 32. Bxc5+ bxc5 33. Qxe1 $18) 29. Qf3 Bxc4 (29... Nxc4 30. Bf2 $14) 30. Bf2 Bxd5 (30... Qxd5 31. Re8+) 31. Qd1 $18) (27... Nxc4 28. Qa4 Nxe3 (28... Qxc3 $2 29. Qxa6 Qxe1 30. Qxc4 $18) 29. Qxa6 Nxd5 30. Ne3 (30. Qc8+ Kf7 $17) 30... Nxe3 (30... Nxc3 31. Qc8+ Kf7 32. Rf1+ Bf6 33. Ng4 $18) 31. Rxe3 $15) 28. Nd2 Bxd5 {[%emt 0:00:11] A strong pair of Bishops.} 29. c4 Bf7 (29... Bb7 $19 30. Qd1 h6) 30. Qa4 {[%emt 0:01:49] Loses the game.} (30. Qxe4 $17 Nxc4 31. Qa8+ Bf8 32. Nxc4 Bxc4 33. Bf2) 30... h6 {[%emt 0:00:40] Threatens to win with ...Qc3.} 31. Qd7 $2 (31. Bf2 {is a better defense.}) 31... Nxc4 $19 ({Not} 31... Bxc4 32. Qxa7 Bd3 (32... Bxa2 33. Qxb6 c4 34. Nxe4 $11) 33. Bf2 $17) 32. Rf1 Nxe3 (32... Be8 $142 33. Nxc4 Bxd7 34. Nxe5 Bxe5) 33. Qxf7+ Kh7 34. Re1 Qd4 35. Nb3 {[%emt 0:00:36] [#]} Qd5 36. Qxa7 (36. Qxd5 Nxd5 37. Rxe4) 36... Nc2 37. Rc1 c4 {[%emt 0:00:20] Weighted Error Value: White=0.62/Black=0.15 (very precise)   Mistake:       	White=4     	Black=2      Inaccurate:     	White=3     	Black=1      OK:         	White=12    	Black=14     Best:        	---       	Black=2      Strong:       	White=1     	---} 0-1

[Event "SixDays Budapest January IM-A 2025"]
[Site "Budapest"]
[Date "2025.01.27"]
[Round "2.1"]
[White "Karacsonyi, Kata"]
[Black "Papp, Levente"]
[Result "0-1"]
[Annotator "TA"]
[ECO "C08"]
[WhiteElo "2183"]
[BlackElo "2386"]
[PlyCount "114"]
[EventDate "2025.01.24"]
[EventType "tourn"]
[EventCountry "HUN"]
[SourceTitle "playchess.com"]
[Source "ChessBase"]
[SourceQuality "1"]
[TimeControl "5400+30"]

1. e4 e6 2. d4 d5 3. Nd2 c5 4. exd5 exd5 5. Ngf3 a6 6. Be2 Nf6 7. O-O Be7 8. dxc5 Bxc5 9. Nb3 Be7 10. c3 O-O 11. Bg5 Nc6 {[%emt 0:12:02] C08: French Tarrasch: 3...c5 4 exd5 exd5 sidelines.} 12. Qc2 Ne4 $146 (12... h6 13. Bh4 g5 14. Bg3 Ne4 15. Rad1 Bf5 16. Nfd4 Bg6 17. Bd3 Qb6 18. Nxc6 bxc6 19. Be5 {1-0 Sharif,M (2440)-Miralles,G (2410) Marseille 1986}) 13. Bxe7 Qxe7 {[%emt 0:00:12] White is slightly better.} 14. Rad1 Bf5 15. Bd3 (15. Rxd5 Ng3 16. Rxf5 Nxf5 17. Bd3) 15... Bg4 16. Be2 Rad8 17. Nfd4 Bc8 18. Bd3 Nf6 19. Rfe1 Qc7 20. h3 Ne5 21. Bf5 Rfe8 22. Nd2 Bxf5 23. Qxf5 Ng6 {[%emt 0:00:08] Prevents Qf4.} 24. N4f3 Qb6 25. Qc2 (25. Nb3 {feels hotter.} Ne4 26. Ng5 Nf6 27. Qc2) 25... Rc8 26. Nf1 Red8 27. Ne3 Rc6 28. Qb3 Qxb3 29. axb3 {[%emt 0:00:02][%csl Od5] White attacks a weakness} Rcd6 30. g3 Ne7 31. Rd3 g6 32. Red1 Ne4 33. Rd4 (33. b4 $16) 33... Nc5 34. b4 Na4 35. R1d2 b5 {[%emt 0:01:09][%csl Oa6,Od5] Black has weak pawns} 36. Ne5 ({White should play} 36. Kg2 $16) 36... Nb6 $11 37. Rf4 f6 38. Nf3 Nc6 (38... g5 $11 39. Rfd4 Nc6) 39. h4 Ne5 40. Nxe5 fxe5 41. Rg4 d4 42. cxd4 Rxd4 43. Rc2 {[%emt 0:00:39] [#]} Nc4 $1 44. Rg5 $1 Nxe3 45. fxe3 {[%emt 0:00:05][%mdl 4096] Endgame KRR-KRR} Rd1+ 46. Kf2 R1d2+ 47. Rxd2 Rxd2+ {[%emt 0:00:04] KR-KR} 48. Kf3 Rxb2 49. Rxe5 Rxb4 {[%emt 0:00:01] [#] and ...a5 would now be decisive} 50. Re7 $2 {[%emt 0:00:29][%mdl 8192] Now White is beyond hope.} (50. Re8+ $1 $11 {and White has nothing to worry.} Kf7 51. Ra8) 50... a5 $19 51. Ra7 a4 52. e4 $2 (52. g4 {was called for.}) 52... Rb3+ 53. Kf4 a3 54. e5 (54. Ra8+ $142 Kf7 55. g4) 54... Rb4+ 55. Kg5 Ra4 {[%emt 0:00:04] Black mates.} 56. Rc7 a2 57. Kf6 Ra6+ {[%emt 0:00:05] Weighted Error Value: White=0.55/Black=0.09 (flawless)   Loses game:     	White=1     	---        Mistake:       	White=4     	Black=1      Inaccurate:     	White=5     	Black=6      OK:         	White=11    	Black=17     Best:        	White=4     	Black=4      Strong:       	White=1     	---} ({Weaker is} 57... a1=B 58. Rc8#) 0-1

[Event "SixDays Budapest January IM-A 2025"]
[Site "Budapest"]
[Date "2025.01.27"]
[Round "2.2"]
[White "Kiremitciyan, Ari"]
[Black "Chubakov, Sultan"]
[Result "1/2-1/2"]
[Annotator "TA"]
[ECO "D27"]
[WhiteElo "2251"]
[BlackElo "2237"]
[PlyCount "164"]
[EventDate "2025.01.24"]
[EventType "tourn"]
[EventCountry "HUN"]
[SourceTitle "playchess.com"]
[Source "ChessBase"]
[SourceQuality "1"]
[TimeControl "5400+30"]

1. Nf3 d5 2. e3 Nf6 3. c4 e6 4. d4 dxc4 5. Bxc4 c5 6. O-O a6 7. dxc5 Bxc5 8. Qxd8+ Kxd8 9. Be2 {[%emt 0:00:55] D27: Queen's Gambit Accepted: Classical main line: 7 e4!? and 7 a4.} Ke7 10. Nfd2 Nbd7 11. Nb3 {[%emt 0:01:25] White is slightly better.} Bd6 12. N1d2 Nc5 13. Nxc5 Bxc5 14. a3 $146 (14. Nb3 Bd6 15. Bf3 e5 16. Bd2 e4 17. Be2 Bg4 18. Bxg4 Nxg4 19. h3 Ne5 20. Rad1 {½-½ Henderson de la Fuente,L (2525)-Ibarra Jerez,J (2559) ESP-chT CECLUB Honor 2024 (3.21)}) 14... Bd7 15. b4 Ba7 16. Bf3 Nd5 17. Bxd5 exd5 18. Bb2 f6 19. Rfc1 Rhc8 20. Nb3 Ba4 21. Nc5 Bxc5 22. bxc5 Ke6 23. f3 Rc7 24. Bd4 Re8 25. Kf2 Kf7 26. h4 h5 27. Rab1 Bc6 28. Rg1 Rh8 29. Ke1 Ke6 30. Kd2 Bb5 31. Rb4 Kd7 32. a4 Bc6 33. Bc3 Ke6 34. Kd3 Kf7 35. Be1 Re7 36. Bg3 Rhe8 37. Re1 Rd7 38. a5 Rc8 39. Bd6 {[%emt 0:01:11] Opposite bishops and equal position} Rh8 40. Kd4 Rh6 41. Bf4 Rh8 42. Reb1 Bb5 43. Bd6 Bc6 44. Rb6 Rc8 45. Rg1 Rh8 46. Rb4 Ke6 47. Kd3 Rh7 48. Kd2 Rf7 49. Rgb1 Rh8 50. Rb6 Rc8 51. R1b4 Rd7 52. Ke1 Kf7 53. Kf2 Ke6 54. Rb1 Kf7 55. R6b4 Rh8 56. Rf4 Ke6 57. Rg1 Rh7 58. Rb4 Rf7 59. g4 hxg4 60. Rbxg4 Bb5 61. e4 dxe4 62. Rxe4+ Kd7 63. Rge1 Kc6 64. Kg3 g5 65. hxg5 {[%emt 0:04:17] [#] and g6 would now be decisive} fxg5 66. Re5 Rhg7 67. R1e4 Rg6 68. Re7 Rgf6 69. Rxf7 Rxf7 $11 {[%emt 0:00:03][%mdl 4096] Endgame KRB-KRB} 70. Re5 Rg7 71. Be7 Bc4 72. Bf6 (72. Rxg5 $2 {perishes.} Rxe7 73. f4 Re3+ 74. Kg4 Ra3 $19) 72... Rf7 73. Bxg5 Bd5 74. f4 Kxc5 75. f5 Kd6 76. Kf4 Rc7 {[%emt 0:00:39] [#] Threatens to win with ...Rc4+.} 77. f6 Be6 78. Re3 Rc5 79. Rd3+ Rd5 80. Rxd5+ Bxd5 81. Kf5 Kd7 82. Kg6 Ke6 $2 {[%mdl 40960] Weighted Error Value: White=0.04 (flawless) /Black=0.04 (flawless)  An unexpected result.  Loses game:     	---       	Black=1      Inaccurate:     	White=2     	Black=3      OK:         	White=25    	Black=26     Best:        	White=1     	---} (82... Ke8 $11) 1/2-1/2

[Event "SixDays Budapest January IM-A 2025"]
[Site "Budapest"]
[Date "2025.01.27"]
[Round "2.3"]
[White "Mauron, Pierre"]
[Black "Pribelszky, Bence Daniel"]
[Result "0-1"]
[Annotator "TA"]
[ECO "B06"]
[WhiteElo "2016"]
[BlackElo "2391"]
[PlyCount "94"]
[EventDate "2025.01.24"]
[EventType "tourn"]
[EventCountry "HUN"]
[SourceTitle "playchess.com"]
[Source "ChessBase"]
[SourceQuality "1"]
[TimeControl "5400+30"]

1. e4 g6 2. d4 Bg7 3. Nc3 a6 4. Nf3 d6 5. Bc4 b5 6. Bb3 e6 7. Bg5 Ne7 8. a4 {[%emt 0:02:09] The position is equal.} b4 9. Ne2 h6 10. Be3 Bb7 11. Ng3 a5 12. O-O Nd7 13. c3 bxc3 14. bxc3 O-O 15. Qd2 Kh7 16. h4 f5 17. Bxe6 {[%emt 0:08:03] Hoping for exf5.} fxe4 18. Nh2 Nf6 19. Ng4 Ned5 20. Rfb1 ({Reject} 20. Bxh6 Nxg4 21. Bg5 (21. Bxg7 $2 Qxh4 22. Bxg4 Kxg7 $19) 21... Ngf6 $17 (21... e3 22. fxe3 Ngf6 23. h5 $16)) (20. h5 $11 Nxh5 21. Bxd5 (21. Bxh6 e3 $15) (21. Nxe4 $2 Ndf4 $19) 21... Bxd5 22. Bxh6) 20... Nxg4 $15 21. Bxg4 Qxh4 22. Rxb7 Qxg4 23. c4 Qc8 {[%emt 0:03:04] [#] And now ...Nxe3 would win. Black is more active.} 24. Rb3 Nb6 (24... Nb4 $17 25. Nxe4 Qe6) 25. Rc1 Qg4 26. Rb5 Nxa4 27. Rxa5 Rxa5 28. Qxa5 Nb6 29. Qa7 (29. Qb5 $11) 29... Rf7 (29... d5 $15 30. c5 Nc4 31. Qxc7 Rc8) 30. Qb7 $11 Re7 31. c5 dxc5 32. Rxc5 h5 33. Rxc7 Rxc7 34. Qxc7 Nd5 35. Qc1 {[%emt 0:04:13] Prevents Qd1+} h4 36. Nf1 h3 37. Ng3 hxg2 38. Kxg2 Qf3+ 39. Kg1 Bf6 40. Qe1 Bh4 41. Nf1 Qg4+ 42. Kh2 Be7 43. Ng3 Bd6 {[%emt 0:00:04] Threatens to win with ...Qf3.} 44. Bd2 $2 {[%emt 0:00:44] White does not recover from this.} (44. Kg1 $15) 44... Qf3 $19 {[%emt 0:00:24][%cal Oe4e3] ( -> ...e3!)} 45. Kg1 $2 {[%emt 0:01:08] [#]} (45. Qg1 $19 Qh5+ 46. Kg2) 45... e3 $1 46. Bxe3 (46. Ne4 Qg4+) 46... Bxg3 $2 (46... Nxe3 47. Qxe3 Qxe3 48. fxe3 Bxg3) 47. fxg3 $2 (47. Bg5 $19 Bh2+ 48. Kxh2 Qh5+ 49. Kg2 Qxg5+ 50. Kf3) 47... Nxe3 {[%emt 0:00:11] Weighted Error Value: White=0.49/Black=0.16 (very precise) .  Loses game:     	White=1     	---        Mistake:       	White=3     	Black=2      Inaccurate:     	White=2     	Black=2      OK:         	White=14    	Black=12     Best:        	White=2     	Black=3      Brilliant:      	---       	Black=1} 0-1